 Dungeon Crawl Stone Soup version 0.21-a0-125-gb006224 (webtiles) character file.

202 namelastname112 the Conjurer (level 5, 0/38 HPs)
             Began as a Draconian Conjurer on July 15, 2017.
             Slain by a gnoll
             ... wielding a +0 spear
              (9 damage)
             ... on level 3 of the Dungeon.
             The game lasted 00:04:33 (2750 turns).

namelastname112 the Conjurer (Draconian Conjurer)   Turns: 2750, Time: 00:04:34

Health: 0/38       AC:  5    Str: 10    XL:     5   Next: 50%
Magic:  3/10       EV: 12    Int: 16    God:
Gold:   117        SH:  0    Dex: 12    Spells: 8/11 levels left

rFire    . . .     SeeInvis .   n - +1 short sword (distort)
rCold    . . .     Gourm    .   (no shield)
rNeg     . . .     Faith    .   (armour unavailable)
rPois    .         Spirit   .   (helmet restricted)
rElec    .         Reflect  .   (no cloak)
rCorr    .         Harm     .   (no gloves)
MR       .....                  (no boots)
Stlth    ++........             (no amulet)
HPRegen  0.12/turn              e - ring of flight
MPRegen  0.12/turn              (no ring)

@: no status effects
A: unfitting armour, cold-blooded, AC +5
a: Evoke Flight


You were on level 3 of the Dungeon.
You were hungry.

You visited 1 branch of the dungeon, and saw 3 of its levels.

You collected 117 gold pieces.

Inventory:

Hand Weapons
 n - a +1 short sword of distortion (weapon)
Jewellery
 e - a ring of flight (left hand)
Scrolls
 d - a scroll of recharging {unknown}
 j - 2 scrolls of identify {unknown}
 k - 2 scrolls of random uselessness {unknown}
 m - 2 scrolls of enchant weapon {unknown}
 p - a scroll of noise {unknown}
 s - 2 scrolls of teleportation {unknown}
 t - a scroll of magic mapping {unknown}
Potions
 c - a potion of heal wounds {unknown}
 f - 2 potions of degeneration {unknown}
 g - a potion of berserk rage {unknown}
 h - 3 potions of lignification {unknown}
 i - a potion of haste {unknown}
 o - a potion of brilliance {unknown}
 r - a potion of curing {unknown}
Books
 a - a book of Conjurations

   Spells                             Type                      Level
   a - Magic Dart                     Conjuration                  1
   b - Searing Ray                    Conjuration                  2
   c - Dazzling Spray                 Conjuration/Hexes            3
   d - Fulminant Prism                Conjuration/Hexes            4
   e - Force Lance                    Conjuration/Translocation    4
   f - Iskenderun's Mystic Blast      Conjuration                  4
Comestibles
 b - a bread ration
 l - a royal jelly
 q - 2 meat rations


   Skills:
 - Level 1.7 Dodging
 - Level 1.7 Stealth
 + Level 3.8 Spellcasting
 + Level 5.7 Conjurations


You had 8 spell levels left.
You knew the following spells:

 Your Spells              Type           Power        Failure   Level  Hunger
x - Searing Ray           Conj           ###...       2%          2    ##.....
z - Magic Dart            Conj           ###.         1%          1    None


Dungeon Overview and Level Annotations

Branches:
Dungeon (3/15)

Altars:
Xom


Innate Abilities, Weirdness & Mutations

Your plain brown scales are hard. (AC +5)
You cannot fit into any form of body armour.
You are cold-blooded and may be slowed by cold attacks.


Message History

Things that are here:
a club; a gnoll corpse You butcher the gnoll corpse.
The gnoll hits you from afar with a spear!
Things that are here:
a club; 2 chunks of flesh You take 7 damage, and have 12/38 hp.
Casting: Searing Ray
Confirm with . or Enter, or press ? or * to list all spells.
Aiming: Searing Ray
Press: ? - help, Shift-Dir - straight line, f - gnoll
Aim: a gnoll, wielding a spear The searing ray misses the gnoll. (Press . to maintain the ray.)
The gnoll hits you from afar with a spear.
* * * LOW HITPOINT WARNING * * *
You take 5 damage, and have 9/38 hp.
You now have 4/10 mp.
The searing ray misses the gnoll.
The gnoll hits you from afar with a spear!
You die...

#.# #.#
#.....#...##
#.# #.#
##...###.##
#†# #.# ##.##
#.# #.# ##.#
#.# #.# ##.#
#..# #.# #.#
#..# #.## #.#
#.# ##.## #.#
#.# #.# .#.#
#.#######.#
#.. .#.#
#.#...g.@.#
### .#.#
#.#.#######
.#.# #.#.#
.#.# #.#.#
...######.#.#
....).....#.#
..#########.#
..# #.#######
..# #...).$.#


You could see a gnoll.

Vanquished Creatures
  Robin (D:2)
  2 adders (D:3)
  4 gnolls (D:3)
  An ooze (D:3)
  An adder zombie (D:1)
  5 worms
  8 leopard geckos
  A bat zombie (D:1)
  9 giant cockroaches
  15 goblins
  9 hobgoblins
  7 jackals
  4 kobolds
  A quokka (D:2)
  2 ball pythons
  9 bats
  5 frilled lizards
  8 rats
92 creatures vanquished.

Vanquished Creatures (others)
  A gnoll (D:3)
  A worm (D:2)
2 creatures vanquished.

Grand Total: 94 creatures vanquished

Notes
Turn   | Place    | Note
-------+----------+-------------------------------------------
     0 | D:1      | namelastname112 the Draconian Conjurer began the quest for the Orb.
     0 | D:1      | Reached XP level 1. HP: 14/14 MP: 3/3
   365 | D:1      | Reached XP level 2. HP: 20/20 MP: 0/5
   369 | D:1      | Learned a level 2 spell: Searing Ray
  1124 | D:1      | Reached XP level 3. HP: 26/26 MP: 0/7
  1610 | D:2      | Noticed Robin
  1616 | D:2      | Killed Robin
  1616 | D:2      | Reached XP level 4. HP: 29/33 MP: 1/8
  1985 | D:2      | Reached skill level 5 in Conjurations
  2323 | D:3      | Reached XP level 5. HP: 23/38 MP: 5/10
  2656 | D:3      | Found a shimmering altar of Xom.
  2750 | D:3      | Slain by a gnoll

Vault maps used:
D:1:      saegor_arrival_fortress
D:2:      uniq_robin
D:3:      overflow_temple_1_default

Skill      XL: |  1  2  3  4 |
---------------+-------------+-----
Spellcasting   | 3 |  3.8
Conjurations   | 5 |  5.7
Dodging        | |  1.7
Stealth        | |  1.7

Action                   |  1- 3 |  4- 6 || total
-------------------------+-------+-------++-------
Melee: Unarmed           |    52 |       ||    52
       Tailslap          |     9 |     4 ||    13
       Spear             |    26 |       ||    26
       Short sword       |    20 |    70 ||    90
 Cast: Magic Dart        |    69 |    77 ||   146
       Searing Ray       |       |     3 ||     3
 Stab: Sleeping          |       |     1 ||     1
  Eat: Chunk             |     2 |     4 ||     6
Armor: Skin              |    36 |    19 ||    55
Dodge: Dodged            |    79 |    46 ||   125
